 Dungeon Crawl Stone Soup version 0.22.1-1-ga44c0e56f4 (webtiles) character file.

4305 Reeggar the Blocker (level 10, -18/99 HPs)
             Began as a Formicid Fighter on Oct 26, 2018.
             Was an Elder of Hepliaklqana.
             Hit by a large rock thrown by a cyclops (21 damage)
             ... on level 8 of the Dungeon.
             The game lasted 00:40:22 (8146 turns).

Reeggar the Blocker (Formicid Fighter)              Turns: 8146, Time: 00:40:23

Health: -18/99     AC: 25    Str: 24    XL:     10   Next: 58%
Magic:  0/14       EV:  2    Int:  8    God:    Hepliaklqana [****..]
Gold:   125        SH: 19    Dex: 10    Spells: 9/9 levels left

rFire    x . .     SeeInvis .   u - +5 spear (vamp)
rCold    + . .     Gourm    .   q - +0 large shield
rNeg     + + +     Faith    .   (armour currently unavailable)
rPois    +         Spirit   +   (helmet unavailable)
rElec    .         Reflect  .   (cloak currently unavailable)
rCorr    .         Harm     .   (gloves currently unavailable)
MR       +....                  (boots currently unavailable)
Stlth    ++........             o - amulet of guardian spirit
HPRegen  0.26/turn              l - +1 ring of evasion
MPRegen  0.14/turn              d - ring of ice

@: tree-form
A: permanent stasis, dig shafts and tunnels, four strong arms, reduced essence
a: Recall Ancestor, Ancestor Identity, Transference, Idealise, Renounce Religion


You were on level 8 of the Dungeon.
You worshipped Hepliaklqana.
Hepliaklqana was greatly pleased with you.
You were not hungry.
You were a tree.
You visited 1 branch of the dungeon, and saw 8 of its levels.

You collected 335 gold pieces.
You spent 210 gold pieces at shops.

Inventory:

Hand Weapons
 u - a +5 vampiric spear (weapon)
Armour
 g - a +4 ring mail
 i - a +0 cloak (melded)
 m - a +2 shield
 q - a +0 large shield (worn)
 v - a +3 ring mail of magic resistance (melded)
Jewellery
 a - a cursed -2 ring of strength {unknown}
 b - an uncursed ring of fire {unknown}
 d - a ring of ice (right branch)
 h - an uncursed ring of see invisible {unknown}
 l - a +1 ring of evasion (left branch)
 o - an amulet of guardian spirit (around neck)
Wands
 t - a wand of acid (12)
Scrolls
 j - 6 scrolls of remove curse
 k - 3 scrolls of immolation
 n - a scroll of blinking
 r - a scroll of summoning {unknown}
 A - a scroll of enchant weapon
Potions
 c - a potion of mutation {unknown}
 e - a potion of lignification
 p - a potion of brilliance {unknown}
 s - 3 potions of heal wounds {unknown}
 w - a potion of flight {unknown}
 x - a potion of haste {unknown}
 B - a potion of degeneration {unknown}
 C - a potion of resistance {unknown}
Comestibles
 f - 9 rations


   Skills:
 + Level 5.1 Fighting
 + Level 7.0 Polearms
 + Level 5.3 Armour
 + Level 3.4 Dodging
 + Level 2.2 Stealth
 * Level 11.9 Shields
 * Level 6.1 Invocations


You had 9 spell levels left.
You didn't know any spells.
Your spell library contained the following spells:

 Spells                   Type           Power        Failure   Level  Hunger
 Magic Dart               Conj           #...         63%         1    ##.....
 Searing Ray              Conj           #.....       77%         2    ###....
 Dazzling Spray           Conj/Hex       #.....       94%         3    ####...
 Force Lance              Conj/Tloc      #.......     100%        4    #####..
 Fulminant Prism          Conj/Hex       #.........   100%        4    #####..
 Iskenderun's Mystic Bla  Conj           #.......     100%        4    #####..


Dungeon Overview and Level Annotations

Branches:
Dungeon (8/15)             Temple (0/1) D:7
   Lair: D:8-11

Altars:
Cheibriados
Elyvilon
Gozag
Hepliaklqana
Makhleb
Nemelex Xobeh
Qazlal
Sif Muna
Zin
The Shining One

Shops:
D:6 ?


Innate Abilities, Weirdness & Mutations

You cannot be hasted, slowed, berserked, paralysed or teleported.
You can dig through walls and to a lower floor.
Your four strong arms can wield two-handed weapons with a shield.
((You have a pair of large antennae on your head. (SInv)))
Your life essence is reduced to manifest your ancestor. (-10% HP)


Message History

You block the hungry ghost's attack.
You puncture the hungry ghost!
The hungry ghost is almost destroyed.
The red ugly thing tentacle-slaps you but does no damage.
You closely miss the hungry ghost.
The hungry ghost is almost destroyed.
The hungry ghost hits you.
You are feeling hungry.
You puncture the hungry ghost!
You destroy the hungry ghost!
Your Invocations skill increases to level 6!
The red ugly thing completely misses you.
The cyclops throws a large rock.
You block the large rock.
Eat a chunk of flesh? (ye/n/q)
You eat the chunk of flesh.
This raw flesh tastes terrible.
You block the red ugly thing's attack.
You hit the red ugly thing.
The red ugly thing is heavily wounded.
The cyclops throws a large rock.
The large rock hits you!!
You die...

#.# #..# .......
#<# #..# [..####
#.# #..# ..##...
#.# #..#
##..#.... ...
#..# #...#..##
#.#
##..####...#..#.
#.#
#.......C#......
...
#.#####u.#...#.=
..# #.
#.♣#...#a. #.
#..#...### #.
##.##..... #.
#..#..... #.
#..###... #.
#....####
##.......
##.#### .#


You could see a red ugly thing, a cyclops and a worker ant.

Vanquished Creatures
  Harold (D:7)
  A hippogriff (D:8)
  2 hungry ghosts
  Menkaure (D:7)
  Duvessa (D:7)
  A slave (D:7)
  2 orc warriors (D:7)
  A necrophage (D:6)
  A centaur (D:5)
  2 ogres
  A big kobold (D:7)
  2 bullfrogs (D:7)
  A gnoll sergeant (D:5)
  Dowan (D:7)
  A water moccasin zombie (D:6)
  A scorpion (D:7)
  A bullfrog zombie (D:8)
  3 hounds
  An orc priest (D:7)
  An iguana (D:4)
  4 orc wizards
  3 worker ants
  A hound skeleton (D:8)
  3 worker ant zombies
  Robin (D:2)
  3 gnolls (D:5)
  5 adders
  A shadow imp (D:7)
  2 oozes
  An adder skeleton (D:5)
  2 worms
  3 leopard geckos
  8 orcs
  4 giant cockroaches
  16 goblins
  7 hobgoblins
  21 jackals
  5 quokkas
  A ball python skeleton (D:4)
  6 bats (D:1)
  4 frilled lizards
  A jackal skeleton (D:5)
  13 kobolds
  A leopard gecko skeleton (D:7)
  4 rats
146 creatures vanquished.

Vanquished Creatures (collateral kills)
  Pikel (D:7)
  An ugly thing (D:7)
  2 slaves (D:7)
  An ogre (D:7)
  2 centaurs
  A bullfrog (D:8)
  A scorpion (D:5)
  A quasit (D:6)
  An iguana (D:6)
  2 worker ants (D:5)
  An adder (D:8)
  A dart slug (D:3)
  2 leopard geckos
  4 orcs (D:4)
  2 ball pythons (D:2)
  A goblin (D:3)
  4 hobgoblins
  4 jackals (D:3)
  2 quokkas
  4 bats
  A kobold (D:3)
  A leopard gecko skeleton (D:7)
  A quokka zombie (D:7)
  A rat (D:3)
42 creatures vanquished.

Vanquished Creatures (others)
  6 hexers
  An orc (D:7)
7 creatures vanquished.

Grand Total: 195 creatures vanquished

Notes
Turn   | Place    | Note
-------+----------+-------------------------------------------
     0 | D:1      | Reeggar the Formicid Fighter began the quest for the Orb.
     0 | D:1      | Reached XP level 1. HP: 18/18 MP: 1/1
   438 | D:1      | Reached XP level 2. HP: 23/24 MP: 2/2
   589 | D:1      | Reached skill level 4 in Shields
   733 | D:1      | Reached XP level 3. HP: 21/29 MP: 3/3
  1400 | D:2      | Noticed Robin
  1409 | D:2      | Killed Robin
  1422 | D:2      | HP: 1/29 [goblin[Robin] (1)]
  1438 | D:2      | Reached XP level 4. HP: 11/35 MP: 1/4
  1762 | D:2      | Found a hazy altar of Hepliaklqana.
  1772 | D:2      | Became a worshipper of Hepliaklqana the Forgotten
  1773 | D:2      | Found a snail-covered altar of Cheibriados.
  1932 | D:2      | Reached skill level 1 in Dodging
  2245 | D:3      | Reached skill level 5 in Shields
  2248 | D:3      | Reached XP level 5. HP: 32/36 MP: 5/5
  2268 | D:3      | Found a white marble altar of Elyvilon.
  2710 | D:3      | Reached * piety under Hepliaklqana
  2723 | D:3      | Found a burning altar of Makhleb.
  3235 | D:4      | Reached XP level 6. HP: 38/43 MP: 6/6
  3287 | D:4      | Reached skill level 6 in Shields
  3452 | D:4      | Reached ** piety under Hepliaklqana
  3462 | D:4      | Remembered your ancestor Ntombi as a hexer
  3578 | D:4      | Noticed an ogre
  3612 | D:4      | You fall through a shaft for 2 floors!
  3617 | D:6      | Found Podal's Magic Scroll Shop.
  3639 | D:5      | Entered Level 5 of the Dungeon
  4008 | D:5      | Reached skill level 1 in Stealth
  4008 | D:5      | Reached XP level 7. HP: 44/47 MP: 7/7
  4136 | D:5      | Reached skill level 7 in Shields
  4460 | D:5      | Reached skill level 1 in Invocations
  4902 | D:4      | Reached XP level 8. HP: 29/54 MP: 2/9
  5306 | D:4      | Found a deep blue altar of Sif Muna.
  5690 | D:6      | Reached skill level 8 in Shields
  5759 | D:6      | Reached *** piety under Hepliaklqana
  6283 | D:6      | Found a sparkling altar of Nemelex Xobeh.
  6585 | D:6      | Bought a scroll of enchant weapon for 105 gold pieces
  6585 | D:6      | Bought a scroll of enchant armour for 105 gold pieces
  6656 | D:7      | Reached skill level 5 in Polearms
  6659 | D:7      | Noticed Menkaure
  6673 | D:7      | Killed Menkaure
  6687 | D:7      | Reached skill level 9 in Shields
  6687 | D:7      | Reached XP level 9. HP: 48/58 MP: 8/11
  6697 | D:7      | Noticed a green ugly thing
  6716 | D:7      | Killed a green ugly thing
  6716 | D:7      | Reached skill level 5 in Armour
  6716 | D:7      | Reached skill level 10 in Shields
  6731 | D:7      | Found an opulent altar of Gozag.
  6732 | D:7      | Found a glowing silver altar of Zin.
  6894 | D:7      | Found a stormy altar of Qazlal.
  6905 | D:7      | Noticed Pikel
  6934 | D:7      | Killed Pikel
  6934 | D:7      | Reached skill level 11 in Shields
  6934 | D:7      | Reached XP level 10. HP: 65/65 MP: 10/13
  7107 | D:7      | Reached **** piety under Hepliaklqana
  7195 | D:7      | Noticed Harold
  7199 | D:7      | Noticed Duvessa
  7205 | D:7      | Noticed Dowan
  7218 | D:7      | Killed Duvessa
  7235 | D:7      | Killed Harold
  7235 | D:7      | Reached skill level 5 in Fighting
  7235 | D:7      | Reached skill level 5 in Invocations
  7246 | D:7      | Killed Dowan
  7280 | D:7      | Found a glowing golden altar of the Shining One.
  7303 | D:7      | Found a staircase to the Ecumenical Temple.
  7615 | D:7      | Found a glowing golden altar of the Shining One.
  8109 | D:8      | Noticed a cyclops
  8109 | D:8      | Noticed a red ugly thing
  8141 | D:8      | HP: 2/99 [red ugly thing (19)]
  8146 | D:8      | Hit by a large rock thrown by a cyclops

Skill      XL: |  1  2  3  4  5  6  7  8  9 10 |
---------------+-------------------------------+-----
Shields        | 4 5 6 7 9 11 | 11.9
Dodging        | 1 2 3 |  3.4
Polearms       | 3 4 5 6 7 |  7.0
Armour         | 4 5 |  5.3
Stealth        | 1 2 |  2.2
Invocations    | 1 3 4 6 |  6.1
Fighting       | 4 5 |  5.1

Action                   |  1- 3 |  4- 6 |  7- 9 | 10-12 || total
-------------------------+-------+-------+-------+-------++-------
Melee: Trident           |   105 |   225 |    28 |       ||   358
       Spear             |       |       |   253 |   117 ||   370
Invok: Ancestor Life: He |       |     1 |       |       ||     1
 Abil: Shaft Self        |       |     1 |       |       ||     1
  Use: Potion            |     3 |       |     4 |     1 ||     8
       Scroll            |     2 |     4 |    12 |       ||    18
 Stab: Distracted        |       |     1 |     1 |       ||     2
       Confused          |       |       |     3 |       ||     3
       Invisible         |       |       |     1 |       ||     1
  Eat: Ration            |     1 |     3 |     2 |     1 ||     7
       Chunk             |     1 |     1 |     4 |     3 ||     9
Armor: Scale mail        |    70 |    25 |       |       ||    95
       Ring mail         |       |    69 |    54 |    16 ||   139
       Skin              |       |       |       |     6 ||     6
Dodge: Dodged            |    47 |    68 |    50 |    28 ||   193
Block: Shield            |    47 |       |       |       ||    47
       Large shield      |   113 |   245 |   223 |   115 ||   696
